 Dungeon Crawl Stone Soup version 0.17-a0-1945-gfe993df (webtiles) character file.

10880 derrpe the Carver (level 12, -12/64 HPs)
             Began as a Formicid Fighter on Oct 1, 2015.
             Was a High Priest of Cheibriados.
             Mangled by an eight-headed hydra (14 damage)
             ... on level 1 of the Lair of Beasts.
             The game lasted 00:21:30 (12674 turns).

derrpe the Carver (Formicid Fighter)               Turns: 12674, Time: 00:21:31

Health: -12/64     AC:  9    Str: 33 (34) XL:     12   Next: 0%
Magic:  26/26      EV:  9    Int: 22 (23) God:    Cheibriados [*****.]
Gold:   106        SH: 14    Dex: 24 (25) Spells: 0 memorised, 11 levels left

rFire  . . .     SeeInvis +     E - +9 falchion "Zaunupor" {freeze, rPois Int+5 Stlth+}
rCold  + . .     Clarity  .     h - +0 plate armour
rNeg   + . .     SustAt   .     c - +0 shield
rPois  +         Gourm    .     (helmet unavailable)
rElec  .         Spirit   .     a - +1 cloak {+Inv}
rCorr  .         Warding  .     n - +0 pair of gloves
rMut   +         Stasis   +     (no boots)
MR     +....                    v - amulet of resist mutation
Stlth  ..........               k - ring of magical power
                                l - ring of positive energy

@: very slow, somewhat resistant to hostile enchantments, extremely unstealthy
A: permanent stasis, dig shafts and tunnels, four strong arms, antennae 3,
repulsion field 1, thin skeletal structure 1, cold resistance 1, deformed body,
deterioration 1, dopey 1, frail 2, low mp 1, screaming 3
a: Dig, Shaft Self, Bend Time, Temporal Distortion, Slouch, Step From Time,
Renounce Religion, Evoke Invisibility


You were on level 1 of the Lair of Beasts.
You worshipped Cheibriados.
Cheibriados was extremely pleased with you.
You were hungry.

You visited 3 branches of the dungeon, and saw 11 of its levels.

You collected 438 gold pieces.
You spent 332 gold pieces at shops.

Inventory:

Hand weapons
 x - a +0 shortbow
 E - the +9 falchion "Zaunupor" (weapon) {freeze, rPois Int+5 Stlth+}
   (You bought it in a shop on level 4 of the Dungeon)

   It has been specially enchanted to freeze those struck by it, causing extra
   injury to most foes and up to half again as much damage against particularly
   susceptible opponents.
   It can also slow down cold-blooded creatures.
   It affects your intelligence (+5).
   It protects you from poison.
   It makes you more stealthy.
Missiles
 g - 19 tomahawks (quivered)
 p - 45 bolts
 q - 236 stones
 r - 192 arrows
 y - 10 arrows of dispersal
Armour
 a - a +1 cloak of invisibility (worn)
 c - a +0 shield (worn)
 h - a +0 plate armour (worn)
 n - a +0 pair of gloves (worn)
Magical staves
 u - an uncursed staff of wizardry
Jewellery
 k - a ring of magical power (right hand)
 l - a ring of positive energy (left hand)
 v - an amulet of resist mutation (around neck)
Magical devices
 D - a wand of lightning (1)
Scrolls
 b - 8 scrolls of identify
 d - 2 scrolls of amnesia
 f - 4 scrolls of fog
 i - a scroll of immolation {unknown}
 j - 3 scrolls of remove curse
 o - 4 scrolls of enchant weapon
 s - a scroll of magic mapping {unknown}
 z - a scroll of recharging {unknown}
 C - a scroll of enchant armour {unknown}
Potions
 t - a potion of curing
 F - a potion of ambrosia {unknown}
 G - a potion of flight
Comestibles
 e - 11 bread rations {@e1}
 m - 9 fruits
 w - a meat ration {@e2}
 A - 4 slices of pizza
 B - a royal jelly
 H - 13 chunks of flesh {@w0}


   Skills:
 - Level 3.3 Fighting
 * Level 14.3 Long Blades
 - Level 3.5 Armour
 - Level 9.0 Shields
 + Level 9.3 Invocations


You had 11 spell levels left.
You didn't know any spells.

Dungeon Overview and Level Annotations

Branches:
Dungeon (9/15)             Temple (1/1) D:4            Lair (1/8) D:8
    Orc: D:9-12

Altars:
Ashenzari
Cheibriados
Dithmenos
Elyvilon
Fedhas
Gozag
Kikubaaqudgha
Makhleb
Nemelex Xobeh
Okawaru
Qazlal
Ru
Sif Muna
Trog
Vehumet
Xom
Zin
The Shining One

Shops:
D:4 =[([


Innate Abilities, Weirdness & Mutations

You are under a permanent stasis effect.
You can dig through walls and to a lower floor.
Your four strong arms can wield two-handed weapons with a shield.
You have a pair of large antennae on your head (SInv).
You are surrounded by a mild repulsion field (EV +2).
You have a somewhat thin skeletal structure (Dex +2, Stealth).
Your flesh is cold resistant.
Armour fits poorly on your strangely shaped body.
Your body sometimes deteriorates upon taking damage.
You are dopey. (Int -2)
You are very frail (-20% HP).
Your magical capacity is low (-10% MP).
You frequently scream uncontrollably at your foes.


Message History

The eight-headed hydra barely misses you.
Evoke which item? (* to show all) (? for menu, Esc to quit)
Zapping:
D - a wand of lightning {zapped: 10} (will waste charges)
Press: ? - help, Shift-Dir - straight line, f/p - eight-headed hydra
Aim: an eight-headed hydra (heavily wounded)
You hear a mighty clap of thunder!
The bolt of lightning hits the eight-headed hydra.
The eight-headed hydra is severely wounded.
Evoking this partially-identified wand wasted a few charges.
You are feeling hungry.
You hear a bellow!
The eight-headed hydra closely misses you.
You block the eight-headed hydra's attack.
The eight-headed hydra bites you!
* * * LOW HITPOINT WARNING * * *
You block the eight-headed hydra's attack.
The eight-headed hydra bites you.
* * * LOW HITPOINT WARNING * * *
The eight-headed hydra bites you!
You die...

### #.. #.#Y #.#
#.# #.# ##.###
#†÷#P####
##@......##....#
#..D...........###
#................
#........##....#.##
#........##....##.#
#........##........
##.................
##................
#P...).##....####


You could see an eight-headed hydra.

Vanquished Creatures
  2 komodo dragons (Lair:1)
  A fire drake (Lair:1)
  9 blink frogs (Lair:1)
  A spriggan (D:7)
  Sigmund (D:4)
  6 hippogriffs
  A deep elf fighter (D:8)
  6 yaks
  3 water moccasins
  A hungry ghost (D:7)
  Duvessa (D:7)
  2 porcupines (Lair:1)
  A black bear (D:7)
  5 centaurs
  An ice beast (D:7)
  3 orc warriors
  A phantom (D:7)
  A necrophage (D:6)
  A wasp (D:7)
  5 sky beasts
  8 ogres
  5 crocodiles
  A big kobold (D:8)
  7 giant frogs
  Dowan (D:7)
  5 scorpions
  11 killer bees
  5 crimson imps
  5 hounds
  3 jellies
  10 orc wizards
  2 giant frog skeletons
  8 worker ants
  3 iron imps (D:6)
  4 iguanas
  3 orc priests (D:3)
  2 hell rats (D:6)
  2 worker ant zombies (D:5)
  8 adders
  3 gnolls (D:4)
  6 river rats
  A shadow imp (D:6)
  2 worms
  7 giant geckos
  23 orcs
  2 ball pythons
  21 bats
  4 goblins
  7 hobgoblins (D:1)
  7 jackals
  12 kobolds
  4 quokkas
  7 giant cockroaches
  4 giant newts
  A quokka zombie (D:5)
  35 rats
291 creatures vanquished.

Vanquished Creatures (others)
  A kobold (D:2)
  4 fungi (D:8)
  A plant (D:8)
6 creatures vanquished.

Grand Total: 297 creatures vanquished

Notes
Turn   | Place    | Note
--------------------------------------------------------------
     0 | D:1      | derrpe the Formicid Fighter began the quest for the Orb.
     0 | D:1      | Reached XP level 1. HP: 18/18 MP: 1/1
   167 | D:1      | Reached XP level 2. HP: 24/24 MP: 2/2
   325 | D:1      | Reached skill level 4 in Shields
   437 | D:1      | Reached XP level 3. HP: 29/29 MP: 3/3
  1179 | D:2      | Found a radiant altar of Vehumet.
  1349 | D:2      | Reached XP level 4. HP: 12/35 MP: 4/4
  2360 | D:3      | Reached XP level 5. HP: 32/41 MP: 5/5
  2375 | D:3      | Reached skill level 5 in Shields
  2488 | D:3      | Found a deep blue altar of Sif Muna.
  2612 | D:3      | HP: 2/41 [orc priest/nerve-wracking pain (8)]
  2622 | D:3      | Reached XP level 6. HP: 17/47 MP: 6/6
  3420 | D:4      | Found Hunianeg's Antique Weapon Shop.
  3434 | D:4      | Found Kosumiux's Jewellery Shop.
  3449 | D:4      | Reached skill level 5 in Long Blades
  3603 | D:4      | Found Asatez's Armour Shoppe.
  3616 | D:4      | Noticed Sigmund
  3842 | D:4      | Found a staircase to the Ecumenical Temple.
  3848 | Temple   | Entered the Ecumenical Temple
  3898 | Temple   | Became a worshipper of Cheibriados the Contemplative
  3959 | D:4      | Reached XP level 7. HP: 33/52 MP: 7/7
  4068 | D:4      | Killed Sigmund
  4068 | D:4      | Reached skill level 6 in Long Blades
  4155 | D:4      | Found Icogeu's Antique Armour Emporium.
  4160 | D:4      | Found a white marble altar of Elyvilon.
  4629 | D:4      | Reached XP level 8. HP: 50/58 MP: 8/8
  4664 | D:4      | Reached skill level 7 in Long Blades
  4679 | D:5      | Entered Level 5 of the Dungeon
  4838 | D:5      | Acquired Cheibriados's first power
  4855 | D:5      | Found an iron altar of Okawaru.
  5008 | D:5      | Found a blossoming altar of Fedhas.
  5212 | D:5      | Found a shadowy altar of Dithmenos.
  5531 | D:5      | Found a sparkling altar of Nemelex Xobeh.
  5632 | D:5      | Reached skill level 8 in Long Blades
  5659 | D:5      | Found a glowing golden altar of the Shining One.
  5725 | D:6      | Found a sacrificial altar of Ru.
  5785 | D:6      | Found a burning altar of Makhleb.
  5959 | D:6      | Reached XP level 9. HP: 40/64 MP: 9/9
  6104 | D:6      | Reached skill level 9 in Long Blades
  6219 | D:6      | Gained mutation: You are frail (-10% HP). [mutagenic meat]
  6220 | D:6      | Gained mutation: You are agile. (Dex +2) [mutagenic meat]
  6221 | D:6      | Gained mutation: Your body sometimes deteriorates upon taking damage. [mutagenic meat]
  6223 | D:6      | Gained mutation: You are dopey. (Int -2) [mutagenic meat]
  6224 | D:6      | Gained mutation: Your muscles are strong. (Str +2) [mutagenic meat]
  6629 | D:6      | Gained mutation: You occasionally shout uncontrollably at your foes. [mutagenic meat]
  6630 | D:6      | Gained mutation: Your flesh is cold resistant. [mutagenic meat]
  6631 | D:6      | Gained mutation: Your magical capacity is low (-10% MP). [mutagenic meat]
  6632 | D:6      | Lost mutation: You are agile. (Dex +2) [mutagenic meat]
  6759 | D:6      | Acquired Cheibriados's second power
  7032 | D:6      | Reached skill level 10 in Long Blades
  7032 | D:6      | Reached skill level 1 in Invocations
  7685 | D:7      | Acquired Cheibriados's third power
  7707 | D:7      | Noticed Dowan
  7708 | D:7      | Noticed Duvessa
  7723 | D:7      | Killed Duvessa
  7784 | D:7      | Reached XP level 10. HP: 63/63 MP: 11/11
  7947 | D:7      | Killed Dowan
  7947 | D:7      | Reached skill level 11 in Long Blades
  8009 | D:7      | Gained mutation: You sometimes yell uncontrollably at your foes. [mutagenic meat]
  8011 | D:7      | Lost mutation: Your muscles are strong. (Str +2) [mutagenic meat]
  8134 | D:7      | Reached skill level 5 in Invocations
  8223 | D:7      | Gained mutation: Armour fits poorly on your strangely shaped body. [mutagenic meat]
  8225 | D:7      | Gained mutation: You frequently scream uncontrollably at your foes. [mutagenic meat]
  8228 | D:7      | Gained mutation: You are surrounded by a mild repulsion field (EV +2). [mutagenic meat]
  8229 | D:7      | Gained mutation: You are very frail (-20% HP). [mutagenic meat]
  8230 | D:7      | Gained mutation: You have a somewhat thin skeletal structure (Dex +2, Stealth). [mutagenic meat]
  8281 | D:7      | Acquired Cheibriados's fourth power
  8823 | D:8      | Reached skill level 12 in Long Blades
  9714 | D:8      | Reached XP level 11. HP: 8/60 MP: 14/14
 10016 | D:8      | Found a staircase to the Lair.
 11140 | D:4      | Bought an ichor-stained falchion for 224 gold pieces
 11140 | D:4      | Identified the +9 falchion "Zaunupor" {freeze, rPois Int+5 Stlth+} (You bought it in a shop on level 4 of the Dungeon)
 11156 | D:4      | Bought a glowing cloak for 108 gold pieces
 11261 | Lair:1   | Entered Level 1 of the Lair of Beasts
 11265 | Lair:1   | Reached skill level 13 in Long Blades
 12033 | Lair:1   | Reached skill level 14 in Long Blades
 12542 | Lair:1   | HP: 1/60 [yak (11)]
 12543 | Lair:1   | Reached XP level 12. HP: 1/64 MP: 17/17
 12669 | Lair:1   | Noticed an eight-headed hydra
 12674 | Lair:1   | HP: 2/64 [eight-headed hydra (5)]
 12674 | Lair:1   | Mangled by an eight-headed hydra

Vault maps used:
D:1:      sevenhm_arrival_forest_fort_small_4
D:2:      fiery_altar_vehumet, st_stairs_9
D:3:      old_standard_altar, kennysheep_generic_room_14
D:4:      lemuel_crystal_altar, temple_statues, serial_shops, shop,
          nicolae_shop_crystal, shop, shop, uniq_sigmund
D:5:      okawaru_ov_weapons_minmay, lemuel_round_altar, fedhas_altar_3,
          nicolae_dithmenos_through_a_glass_darkly, first_bread, st_stairs_12,
          nemelex_deck
D:6:      lemuel_ratsnest, demons_altar, hangedman_ru_absence
D:7:      the_bakery, minmay_misc_feat_five, uniq_duvessa
D:8:      grunt_lair_entry_elf_guard_hut
D:9:      dragon1_lemuel, yredelemnul_forgotten_temple_becter, serial_shops,
          nicolae_shop_behind_doors
Temple:   jpeg_temple_clearing_9

Action                   |  1- 3 |  4- 6 |  7- 9 | 10-12 || total
-------------------------+-------+-------+-------+-------++-------
Melee: Long sword        |   170 |   169 |   427 |   351 ||  1117
       Falchion          |       |       |       |   115 ||   115
Throw: Tomahawk          |       |     8 |     3 |       ||    11
       Throwing net      |       |       |     1 |       ||     1
Invok: Slouch            |       |       |       |     7 ||     7
Evoke: Wand              |       |       |       |     5 ||     5
  Use: Potion            |       |     5 |     5 |     2 ||    12
       Scroll            |       |     2 |       |     5 ||     7
 Stab: Held in net/web   |       |       |     1 |       ||     1
  Eat: Chunk             |     2 |     3 |    20 |    21 ||    46
       Meat ration       |       |     1 |       |       ||     1
